 Dungeon Crawl Stone Soup version 0.28.0-53-g5a82cb258f (webtiles) character file.

Game seed: 9001643631242580598

2849 Jerry the Ruffian (level 9, -12/85 HPs)
             Began as a Troll Hunter on Aug 1, 2022.
             Killed from afar by Maggie (23 damage)
             ... with a bolt of fire
             ... on level 7 of the Dungeon.
             The game lasted 00:12:20 (5128 turns).

Jerry the Ruffian (Troll Hunter)                    Turns: 5128, Time: 00:12:23

Health: -12/85     AC:  6    Str: 22    XL:     9   Next: 46%
Magic:  8/8        EV: 15    Int:  7    God:
Gold:   363        SH:  0    Dex: 14    Spells: 8/8 levels left

rFire   . . .      SeeInvis .   t - +9 spear of Nunweama {freeze, Fly rPois}
rCold   . . .      Faith    .   (no shield)
rNeg    . . .      Spirit   .   b - +0 robe
rPois   +          Reflect  .   o - +2 hat
rElec   .          Harm     .   (no cloak)
rCorr   .          Rampage  .   (gloves unavailable)
Will    .....                   (boots unavailable)
Stlth   ++........              (no amulet)
HPRegen 1.04/turn               l - +4 ring of evasion
MPRegen 0.11/turn               (no ring)

@: flying, mesmerised
A: large, unfitting armour, claws 3, regeneration 1, shaggy fur 1, tough skin 1
a: no special abilities


You were on level 7 of the Dungeon.
You visited 2 branches of the dungeon, and saw 8 of its levels.

You collected 363 gold pieces.

Inventory:

Hand Weapons
 p - a +1 whip of freezing
 t - the +9 spear of Nunweama (weapon) {freeze, Fly rPois}
   (You found it on level 4 of the Dungeon)

   It freezes those it strikes, dealing additional cold damage.
   It can also slow down cold-blooded creatures.
   rPois:     It protects you from poison.
   Fly:       It grants you flight.
 F - a +8 vorpal quarterstaff
Missiles
 d - 2 throwing nets
 E - a large rock (quivered)
Armour
 b - a +0 robe (worn)
 o - a +2 hat (worn)
Jewellery
 l - a +4 ring of evasion (left claw)
Wands
 c - a wand of polymorph (7)
 x - a wand of charming (9)
 B - a wand of mindburst (5)
Scrolls
 h - 3 scrolls of blinking {unknown}
 m - a scroll of silence {unknown}
 n - a scroll of magic mapping {unknown}
 q - a scroll of vulnerability {unknown}
 r - 8 scrolls of identify {unknown}
 s - 5 scrolls of teleportation {unknown}
 u - a scroll of enchant armour {unknown}
 v - 2 scrolls of brand weapon {unknown}
 y - a scroll of fog {unknown}
Potions
 a - 3 potions of brilliance {unknown}
 e - 3 potions of mutation {unknown}
 f - 3 potions of curing {unknown}
 g - 3 potions of degeneration {unknown}
 i - a potion of might {unknown}
 j - a potion of attraction {unknown}
 k - a potion of flight {unknown}
 w - a potion of heal wounds {unknown}
 z - 2 potions of cancellation {unknown}
 A - a potion of haste {unknown}
 D - a potion of ambrosia {unknown}
Miscellaneous
 C - a piece from Xom's chessboard (15/15)


   Skills:
 + Level 4.6 Fighting
 + Level 6.1 Throwing
 + Level 4.7 Dodging
 + Level 3.3 Stealth
 * Level 7.3 Unarmed Combat


You had 8 spell levels left.
You didn't know any spells.
Your spell library contained the following spells:

 Spells                   Type           Power      Damage    Failure   Level
 Foxfire                  Conj/Fire      0%         2x1d4     43%         1
 Conjure Flame            Conj/Fire      0%         6-21      80%         3
 Inner Flame              Hex/Fire       0%         N/A       80%         3
 Flame Wave               Conj/Fire      0%         2d4       99%         4


Dungeon Overview and Level Annotations

Branches:
Dungeon (7/15)             Temple (1/1) D:6

Altars:
Ashenzari
Cheibriados
Dithmenos
Elyvilon
Fedhas
Gozag
Hepliaklqana
Kikubaaqudgha
Makhleb
Okawaru
Qazlal
Sif Muna
Trog
Vehumet
Wu Jian
Xom
Yredelemnul
Zin
The Shining One

Shops:
D:4 =

Annotations:
D:7 Maggie


Innate Abilities, Weirdness & Mutations

You are too large for most types of armour.
You have claws for hands.
Your natural rate of healing is unusually fast.
You are covered in fur. (AC +1)
You have tough skin. (AC +1)


Message History

* * * LOW HITPOINT WARNING * * *
Maggie misses you.
You hit Maggie. You freeze Maggie.
Maggie is severely wounded.
Something hits you.
* * * LOW HITPOINT WARNING * * *
Something shocks you.
* * * LOW HITPOINT WARNING * * *
Maggie misses you.
You completely miss Maggie.
Maggie is severely wounded.
A sky beast appears from thin air!
Reactivating autopickup.
The sky beast hits you but does no damage.
Maggie mumbles some strange words.
Maggie attempts to bespell you!
You are mesmerised by Maggie!
The sky beast closely misses you.
You hit Maggie. You freeze Maggie.
Maggie is severely wounded.
You hear the quick creaking of a very distant portcullis.
Maggie casts a spell.
Maggie draws you further into her thrall.
The sky beast hits you but does no damage.
Unknown command.
You barely miss Maggie.
Maggie is severely wounded.
Maggie casts a spell at you. The bolt of fire misses you.
The sky beast hits you.
* * * LOW HITPOINT WARNING * * *
The sky beast shocks you.
* * * LOW HITPOINT WARNING * * *
You puncture Maggie! You freeze Maggie.
Maggie is almost dead.
Maggie closely misses you.
The sky beast flickers out of sight!
Deactivating autopickup; reactivate with Ctrl-A.
Something hits you but does no damage. Maggie gestures at you while chanting.
The bolt of fire hits you!!
You die...

.......... # #.......... #####
..........## #.... .?.........##
#.... ...........## ##....
............## #.....
#.........######...
##..?......##..#...
#@@...###...#....## .....(..{..#
#..##.#.##.
.....=..≈..###.....#.### ######
##.(.........##..#...#....
.....##.#.(............##.#.#....
.....#...##......................
.......#.#.......(.#.............
.......#........####.##......#...
##.............. #.##......#...


You could see Maggie (mesmerising).

Vanquished Creatures
  A manticore (D:7)
  Joseph (D:7)
  Menkaure (D:7)
  4 black bears
  2 orc warriors
  2 ice beasts
  An ogre (D:6)
  A centaur (D:7)
  A phantom (D:5)
  3 bullfrogs
  2 scorpions
  A wyvern skeleton (D:7)
  A howler monkey (D:5)
  A centaur zombie (D:6)
  2 hounds (D:5)
  4 orc priests
  2 centaur skeletons
  3 jellies
  3 iguanas
  3 orc wizards
  2 hound skeletons
  4 gnolls (D:4)
  2 adders
  A shadow imp (D:6)
  A white imp (D:5)
  An ufetubus (D:6)
  A worm (D:2)
  A dart slug (D:5)
  25 orcs
  11 ball pythons
  8 endoplasms
  5 giant cockroaches
  8 goblins
  7 hobgoblins
  5 jackals
  8 kobolds
  3 quokkas
  A bat (D:1)
  2 frilled lizards (D:1)
  9 rats
144 creatures vanquished.

Vanquished Creatures (others)
  A plant (D:3)
1 creature vanquished.

Grand Total: 145 creatures vanquished

Notes
Turn   | Place    | Note
-------+----------+-------------------------------------------
     0 | D:1      | Jerry the Troll Hunter began the quest for the Orb.
     0 | D:1      | Reached XP level 1. HP: 19/19 MP: 0/0
    82 | D:1      | Reached XP level 2. HP: 25/28 MP: 1/1
   387 | D:1      | Reached skill level 1 in Unarmed Combat
   461 | D:1      | Reached XP level 3. HP: 35/35 MP: 2/2
  1339 | D:3      | Reached skill level 1 in Stealth
  1341 | D:3      | Reached XP level 4. HP: 42/42 MP: 3/3
  1424 | D:3      | Found an ornate altar of the Wu Jian Council.
  1564 | D:3      | Found a faded altar of an unknown god.
  1816 | D:4      | Found Dutimyt's Jewellery Boutique.
  1955 | D:4      | Reached skill level 2 in Unarmed Combat
  1961 | D:4      | Reached XP level 5. HP: 14/49 MP: 4/4
  2005 | D:4      | Identified the +9 spear of Nunweama {freeze, Fly rPois}
  2160 | D:4      | Found a hazy altar of Hepliaklqana.
  2168 | D:4      | Noticed an ice beast
  2203 | D:4      | Killed an ice beast
  2204 | D:4      | Reached XP level 6. HP: 25/59 MP: 5/5
  2601 | D:4      | Reached skill level 3 in Unarmed Combat
  2638 | D:4      | Found a blossoming altar of Fedhas.
  3005 | D:5      | Entered Level 5 of the Dungeon
  3066 | D:5      | Reached XP level 7. HP: 63/66 MP: 6/6
  3200 | D:5      | Found a glowing golden altar of the Shining One.
  3200 | D:5      | Found a white marble altar of Elyvilon.
  3203 | D:5      | Found a glowing silver altar of Zin.
  3248 | D:5      | Reached skill level 4 in Unarmed Combat
  3798 | D:6      | Reached skill level 5 in Throwing
  3803 | D:6      | Reached XP level 8. HP: 62/75 MP: 7/7
  3846 | D:6      | Reached skill level 5 in Unarmed Combat
  3858 | D:6      | Found a staircase to the Ecumenical Temple.
  3864 | Temple   | Entered the Ecumenical Temple
  4489 | D:6      | Found a shimmering altar of Xom.
  4691 | D:7      | Reached skill level 6 in Unarmed Combat
  4766 | D:7      | Noticed Menkaure
  4778 | D:7      | Reached XP level 9. HP: 35/84 MP: 8/8
  4781 | D:7      | Killed Menkaure
  4935 | D:7      | Noticed Joseph
  4940 | D:7      | Killed Joseph
  4941 | D:7      | Reached skill level 7 in Unarmed Combat
  5034 | D:7      | Noticed a manticore
  5036 | D:7      | Killed a manticore
  5112 | D:7      | Noticed Maggie
  5128 | D:7      | Killed from afar by Maggie

Illustrated notes

Levels and vault maps discovered:
D:1:      ebering_trefoil_twist, layout_basic, minmay_misc_feat_roman
D:2:      layout_rooms, minmay_hexomino_p4
D:3:      layout_rooms, mainiacjoe_overflow_surrounded_room,
          shapermc_ecumenical_altar_petra
D:4:      layout_basic, mainiacjoe_overflow_catwalk, mainiacjoe_overflow_paths,
          serial_shops, nicolae_shop_statue_plus, hangedman_decor_push
D:5:      layout_gridville, good_gods_temple_1, minivault_23
D:6:      layout_gridville, xom_butterflies, minmay_temple_entry_waves
D:7:      layout_cave_pools, enter_bailey_3, uniq_joseph, uniq_menkaure,
          uniq_maggie
Temple:   hc_temple_tempest_star

Skill      XL: |  1  2  3  4  5  6  7  8  9 |
---------------+----------------------------+-----
Unarmed Combat | 1 2 3 4 6 7 |  7.3
Fighting       | 2 3 4 |  4.6
Dodging        | 2 3 4 |  4.7
Stealth        | 1 2 3 |  3.3
Throwing       | 4 5 6 |  6.1

Action                   |  1- 3 |  4- 6 |  7- 9 || total
-------------------------+-------+-------+-------++-------
Melee: Unarmed           |   139 |   162 |       ||   301
       Punch             |     1 |     2 |     2 ||     5
       Spear             |       |    18 |   143 ||   161
Throw: Large rock        |       |       |    13 ||    13
 Stab: Sleeping          |     2 |     1 |     4 ||     7
Armor: Robe              |    31 |    43 |    37 ||   111
Dodge: Dodged            |    54 |    94 |   108 ||   256
